 Dungeon Crawl Stone Soup version 0.29-a0-8-g0446c0dae4 (webtiles) character file.

Game seed: 9265980669145791324

165 testman the Chucker (level 5, -7/57 HPs)
             Began as an Ogre Hunter on Jan 27, 2022.
             Mangled by Sigmund (9 damage)
             ... on level 3 of the Dungeon.
             The game lasted 00:09:14 (3148 turns).

testman the Chucker (Ogre Hunter)                   Turns: 3148, Time: 00:09:15

Health: -7/57      AC:  4    Str: 18    XL:     5   Next: 46%
Magic:  5/5        EV:  9    Int: 12    God:
Gold:   87         SH:  0    Dex:  9    Spells: 4/4 levels left

rFire   . . .      SeeInvis .   j - +0 flail
rCold   . . .      Faith    .   (no shield)
rNeg    . . .      Spirit   .   b - +0 robe
rPois   .          Reflect  .   (helmet restricted)
rElec   .          Harm     .   l - +0 cloak
rCorr   .          Rampage  .   (gloves unavailable)
Will    .....                   (boots unavailable)
Stlth   +.........              (no amulet)
HPRegen 0.19/turn               (no ring)
MPRegen 0.09/turn               (no ring)

@: no status effects
A: large, unfitting armour, tough skin 1
a: no special abilities


You were on level 3 of the Dungeon.
You visited 1 branch of the dungeon, and saw 3 of its levels.

You collected 87 gold pieces.

Inventory:

Hand Weapons
 a - a +0 short sword
 j - a +0 flail (weapon)
Missiles
 c - 3 large rocks (quivered)
 d - 2 throwing nets
 h - 55 stones
Armour
 b - a +0 robe (worn)
 l - a +0 cloak (worn)
Scrolls
 e - 2 scrolls of magic mapping {unknown}
 i - 2 scrolls of identify {unknown}
 m - a scroll of brand weapon {unknown}
 n - a scroll of noise {unknown}
Potions
 f - a potion of flight {unknown}
 g - 2 potions of might {unknown}
 k - 3 potions of curing {unknown}


   Skills:
 + Level 5.0 Fighting
 + Level 1.8 Maces & Flails
 + Level 5.1 Throwing
 - Level 1.7 Dodging
 - Level 0.6 Stealth


You had 4 spell levels left.
You didn't know any spells.
Your spell library contained the following spells:

 Spells                   Type           Power      Damage    Failure   Level
 Animate Skeleton         Necr           0%         N/A       32%         1
 Apportation              Tloc           0%         N/A       32%         1
 Summon Small Mammal      Summ           0%         N/A       32%         1
 Ensorcelled Hibernation  Hex/Ice        0%         N/A       45%         2
 Passwall                 Tmut/Erth      0%         N/A       45%         2
 Gell's Gravitas          Tloc           0%         N/A       69%         3
 Lesser Beckoning         Tloc           0%         N/A       69%         3
 Swiftness                Air            0%         N/A       69%         3
 Teleport Other           Tloc           0%         N/A       69%         3
 Tukima's Dance           Hex            0%         N/A       69%         3
 Passage of Golubria      Tloc           0%         N/A       97%         4
 Yara's Violent Unravell  Hex/Tmut       0%         3d3       100%        5


Dungeon Overview and Level Annotations

Branches:
Dungeon (3/15)

Altars:

Annotations:
D:3 Sigmund


Innate Abilities, Weirdness & Mutations

You are too large for most types of armour.
You have tough skin. (AC +1)


Message History

HP restored.
You climb downwards.
Level annotation: Sigmund The orc hits you from afar with a +0 trident.
There is a stone staircase leading up here.
Throw: 5 large rocks
Press: ? - help, Q - select action, (/) - cycle Shift-Dir - straight line, f - Sigmund
Aim: Sigmund, wielding a +1 scythe of protection and wearing a +0 robe (55% to hit)
You throw a large rock. The large rock barely misses the orc.
The large rock hits Sigmund!
Sigmund is moderately wounded.
The orc hits you from afar with a +0 trident.
Sigmund gestures wildly while chanting.
Sigmund flickers and vanishes!
Deactivating autopickup; reactivate with Ctrl-A.
The orc barely misses you.
Throw: 4 large rocks
Press: ? - help, Q - select action, (/) - cycle Shift-Dir - straight line You throw a large rock.
The large rock hits the orc!!
You kill the orc!
You hear some strange, mumbled words.
Something tries to affect you, but you resist.
Something hits you!
You barely miss something. You punch something. Something hits you!
You closely miss something. Something hits you!
* * * LOW HITPOINT WARNING * * *
You hit something. You closely miss something.
You hear some strange, mumbled words.
A magic dart appears from out of thin air!
The magic dart hits you.
* * * LOW HITPOINT WARNING * * *
Something hits you!
* * * LOW HITPOINT WARNING * * *
You hit something but do no damage. You miss something.
Something hits you but does no damage.
You closely miss something. Something hits you.
* * * LOW HITPOINT WARNING * * *
You closely miss something. Something hits you!
You die...

......##########
......'....o...#
......########.#
######...#...#.#
######.#o#.#.#.#
.......#.#.#.#{#######
########o#.#.#.#.(...#
#.#.#.#.#{###.#
#.#.#.#o#@# #.# .
#.#.#.#.#<# #.# #
####.#.....#####.#
..#.###.....{...#
#.#.#############
###'#...o....#
#....#######.# #....#
#.# #....# #o#


There were no monsters in sight!

Vanquished Creatures
  Crazy Yiuf (D:2)
  Natasha (thrice) (D:2)
  A worm (D:2)
  3 orcs (D:3)
  2 bats (D:2)
  7 endoplasms
  3 giant cockroaches
  3 goblins
  6 hobgoblins
  7 kobolds
  3 quokkas
  8 ball pythons
  2 frilled lizards
  5 rats
54 creatures vanquished.

Notes
Turn   | Place    | Note
-------+----------+-------------------------------------------
     0 | D:1      | testman the Ogre Hunter began the quest for the Orb.
     0 | D:1      | Reached XP level 1. HP: 22/22 MP: 1/1
   355 | D:1      | Reached XP level 2. HP: 28/31 MP: 2/2
   783 | D:1      | Found a faded altar of an unknown god.
  1068 | D:1      | Reached XP level 3. HP: 33/39 MP: 3/3
  1890 | D:2      | Noticed Natasha
  1898 | D:2      | Killed Natasha
  1899 | D:2      | Reached XP level 4. HP: 39/49 MP: 4/4
  1911 | D:2      | Noticed Natasha
  1923 | D:2      | Killed Natasha
  1924 | D:2      | Reached skill level 1 in Maces & Flails
  1934 | D:2      | Noticed Natasha
  1944 | D:2      | Killed Natasha
  1945 | D:2      | Reached skill level 5 in Throwing
  1945 | D:2      | Reached XP level 5. HP: 28/55 MP: 5/5
  2311 | D:2      | Found a runed translucent door.
  2312 | D:2      | Noticed Crazy Yiuf
  2318 | D:2      | Killed Crazy Yiuf
  2631 | D:2      | Reached skill level 5 in Fighting
  2780 | D:3      | Noticed Sigmund
  3144 | D:3      | HP: 2/57 [something (8)]
  3148 | D:3      | Mangled by Sigmund

Illustrated notes

Levels and vault maps discovered:
D:1:      minmay_arrival_open_corners, layout_loops_ring,
          hellmonk_ecumenical_altar_pennies_from_heaven, minmay_cupped
D:2:      layout_loops_ring, uniq_natasha, uniq_crazy_yiuf_cottage
D:3:      layout_basic, nicolae_dithmenos_through_a_glass_darkly,
          nicolae_uskayaw_suspiria, elyvilon_altar_1, uniq_sigmund, uniq_robin

Skill      XL: |  1  2  3  4  5 |
---------------+----------------+-----
Fighting       | 3 4 5 |  5.0
Maces & Flails | 1 |  1.8
Throwing       | 5 |  5.1
Dodging        | |  1.7
Stealth        | |  0.6

Action                   |  1- 3 |  4- 6 || total
-------------------------+-------+-------++-------
Melee: Short sword       |   120 |       ||   120
       Flail             |    29 |    54 ||    83
       Punch             |       |     1 ||     1
Throw: Large rock        |       |     4 ||     4
 Stab: Sleeping          |     1 |       ||     1
Armor: Robe              |    38 |    22 ||    60
Dodge: Dodged            |    78 |    35 ||   113

Table legend: (Time is in decaauts)
 A = Elapsed time spent in this place.
 B = Non-inter-level travel time spent in this place.
 C = Inter-level travel time spent in this place.
 D = Time resting spent in this place.
 E = Time spent auto-exploring this place.
 F = Levels seen in this place.
 G = Mean time per level.
                   A        B        C        D        E       F      G
               +--------+--------+--------+--------+--------+-----+--------+
         Total |   3193 |   3139 |     54 |   1000 |   1536 |   3 | 1064.3 |
       Dungeon |   3193 |   3139 |     54 |   1000 |   1536 |   3 | 1064.3 |
               +--------+--------+--------+--------+--------+-----+--------+

Top non-repeatable levels by time:
     D:1: 1538 daAuts
     D:2: 1439 daAuts
     D:3: 216 daAuts
